Sabres vs Wild

Created - December 20 2006 at 19:24

Goals
1 2 3 OT1 SO T
Sabres 1 1 1 0 2 3
Wild 2 1 0 0 3 4
Shots
1 2 3 OT1 SO T
Sabres 13 13 10 1 4 37
Wild 14 5 23 2 4 44

Period #1

1. Wild , Mark Parrish 2 (Rod Brind'Amour, Kyle Calder) at 0:40
2. Sabres , Daniel Briere 5 (Rob Blake, Nathan Horton) at 11:42 (PP)
3. Wild , Marian Gaborik 6 (Pavol Demitra, Lubomir Visnovsky) at 16:34 (PP)

Penalities :
Marian Gaborik (MIN) for Hooking (Minor) at 5:26, Keith Carney (MIN) for Hooking (Minor) at 10:44, Jaroslav Spacek (BUF) for Hooking (Minor) at 11:46, Daniel Briere (BUF) for Checking from behind (Major) at 14:09

Period #2

4. Wild , Rod Brind'Amour 4 (Keith Carney) at 8:38
5. Sabres , Rob Blake 2 (Tim Connolly, Teppo Numminen) at 16:15

Penalities :
Kim Johnsson (MIN) for Checking from behind (Major) at 0:17, Rod Brind'Amour (MIN) for Slashing (Double Minor) at 11:07, Kim Johnsson (MIN) for Charging (Minor) at 18:19

Period #3

6. Sabres , Ales Kotalik 3 (Doug Weight, Jaroslav Spacek) at 8:45

Penalities :
Tim Connolly (BUF) for Cross-checking (Minor) at 5:05, Keith Carney (MIN) for Delaying the game (Minor) at 9:48, Rob Blake (BUF) for Diving (Minor) at 18:08

Overtime #1

No Goal

Penalities :
No Penalty

Shootout

Penalty Shot by Daniel Briere for Sabres - Goal!
Penalty Shot by Pavol Demitra for Wild - Goal!
Penalty Shot by Derek Roy for Sabres - Stopped by Jason Bacashihua
Penalty Shot by Brian Rolston for Wild - Stopped by Martin Biron
Penalty Shot by Nathan Horton for Sabres - Goal!
Penalty Shot by Marian Gaborik for Wild - Goal!
Penalty Shot by Doug Weight for Sabres - Stopped by Jason Bacashihua
Penalty Shot by Rod Brind'Amour for Wild - Goal!

Penalities :
No Penalty

Goalie Stats

Martin Biron (BUF), 41 saves from 44 shots - (0.932), OTL, 2-0-1, 65:00 minutes
Jason Bacashihua (MIN), 34 saves from 37 shots - (0.919), W, 3-0-0, 65:00 minutes

Players Stats

Sabres
Player Name              G  A  P  +/- PIM S  H  SB FO MP 
-----------------------------------------------------------
Ales Kotalik             1  0  1   1  0   7  0  0  1  14 
Brian Campbell           0  0  0  -1  0   2  0  3  0  22 
Chris Drury              0  0  0   0  0   1  0  1  0  20 
Daniel Briere            1  0  1   0  5   7  0  0  38 21 
Danny Markov             0  0  0   1  0   2  2  1  0  18 
Derek Roy                0  0  0  -1  0   4  1  1  31 25 
Doug Weight              0  1  1   1  0   3  2  0  15 20 
Jaroslav Spacek          0  1  1   1  2   1  1  0  0  14 
Jason Pominville         0  0  0  -1  0   0  0  0  0  20 
Jochen Hecht             0  0  0   1  0   1  0  0  1  19 
Maxim Afinogenov         0  0  0   0  0   4  0  0  0  5  
Nathan Horton            0  1  1   0  0   1  0  1  1  17 
Paul Gaustad             0  0  0  -1  0   0  1  0  0  15 
Rob Blake                1  1  2   0  2   4  3  1  0  27 
Teppo Numminen           0  1  1  -1  0   0  2  2  0  28 
Thomas Vanek             0  0  0   0  0   0  0  0  0  8  
Tim Connolly             0  1  1   0  2   0  0  0  14 10 
Toni Lydman              0  0  0   0  0   0  2  4  0  26 
Wild
Player Name              G  A  P  +/- PIM S  H  SB FO MP 
-----------------------------------------------------------
Alexandre Daigle         0  0  0  -1  0   3  0  0  0  14 
Brian Rolston            0  0  0  -1  0   4  0  0  3  28 
Eric Brewer              0  0  0  -1  0   0  1  0  0  18 
Keith Carney             0  1  1   2  4   0  0  2  0  24 
Kim Johnsson             0  0  0   0  7   1  1  1  0  19 
Kyle Calder              0  1  1   2  0   5  0  1  3  19 
Lubomir Visnovsky        0  1  1  -1  0   1  0  1  0  28 
Marian Gaborik           1  0  1   0  2   6  1  0  11 20 
Mark Parrish             1  0  1   2  0   4  1  0  1  15 
Martin Skoula            0  0  0   2  0   1  0  1  0  25 
Mikael Samuelsson        0  0  0  -1  0   1  0  0  0  7  
Nick Schultz             0  0  0  -1  0   0  0  2  0  14 
Pavol Demitra            0  1  1   0  0   4  0  1  35 23 
Pierre-Marc Bouchard     0  0  0  -1  0   5  0  0  0  16 
Rod Brind'Amour          1  1  2   2  4   7  0  0  20 23 
Tim Gleason              0  0  0  -1  0   0  1  0  0  7  
Todd White               0  0  0  -1  0   1  1  1  19 15 
Wes Walz                 0  0  0  -1  0   1  0  0  9  7  

3 Stars

1 - Rod Brind'Amour (MIN)
2 - Martin Biron (BUF)
3 - Rob Blake (BUF)

Power Play

Sabres - 1 on 7 Attempt(s) - 14.29%
Wild - 1 on 3 Attempt(s) - 33.33%

Penalty Kill

Sabres - 2 on 3 Attempt(s) - 66.67% - Score 0 goal in Penalty Kill
Wild - 6 on 7 Attempt(s) - 85.71% - Score 0 goal in Penalty Kill

Game Notes

No Game Note

Finance

Level 1 -- Attendance: 4596 (76.60%) -- Ticket Income $459,600.00
Level 2 -- Attendance: 4621 (92.42%) -- Ticket Income $277,260.00
Level 3 -- Attendance: 1746 (84.61%) -- Ticket Income $61,110.00
Level 4 -- Attendance: 3272 (81.79%) -- Ticket Income $65,440.00
Luxury Box -- Attendance: 641 (64.10%) -- Ticket Income $128,200.00
Game was played at the Xcel Energy Center
Total Attendance: 14876 (82.35%)
Total Ticket Income: $1,089,211.00
Other Expense: $100,085.60
Total Income: $989,125.00


Play by Play

Period #1

0:01 of 1st period - Pavol Demitra wins face-off versus Daniel Briere in neutral zone.
0:04 of 1st period - Shot by Brian Rolston.
0:04 of 1st period - Stopped by Martin Biron without a rebound.
0:05 of 1st period - Rod Brind'Amour wins face-off versus Derek Roy in Sabres zone.
0:08 of 1st period - Shot by Mark Parrish.
0:08 of 1st period - Shot Hit the Post.
0:11 of 1st period - Shot by Kyle Calder.
0:11 of 1st period - Shot Hit the Post.
0:40 of 1st period - Shot by Mark Parrish.
0:40 of 1st period - Goal by Mark Parrish.
0:41 of 1st period - Daniel Briere wins face-off versus Marian Gaborik in neutral zone.
0:44 of 1st period - Shot by Daniel Briere.
0:44 of 1st period - Shot Misses the Net.
0:56 of 1st period - Icing by Lubomir Visnovsky.
0:57 of 1st period - Pavol Demitra wins face-off versus Doug Weight in Wild zone.
1:10 of 1st period - Shot by Doug Weight.
1:10 of 1st period - Stopped by Jason Bacashihua without a rebound.
1:11 of 1st period - Daniel Briere wins face-off versus Todd White in Wild zone.
1:37 of 1st period - Pierre-Marc Bouchard is hit by Rob Blake and loses puck.
1:57 of 1st period - Shot by Alexandre Daigle.
1:57 of 1st period - Shot Misses the Net.
2:00 of 1st period - Shot by Todd White.
2:00 of 1st period - Shot Misses the Net.
2:18 of 1st period - Wes Walz is hit by Toni Lydman and loses puck.
2:42 of 1st period - Shot by Brian Rolston.
2:42 of 1st period - Stopped by Martin Biron with a rebound.
2:53 of 1st period - Shot by Wes Walz.
2:53 of 1st period - Stopped by Martin Biron without a rebound.
2:54 of 1st period - Rod Brind'Amour wins face-off versus Derek Roy in Sabres zone.
2:55 of 1st period - Shot by Mark Parrish.
2:55 of 1st period - Shot Misses the Net.
3:08 of 1st period - Shot by Mark Parrish.
3:08 of 1st period - Stopped by Martin Biron without a rebound.
3:09 of 1st period - Doug Weight wins face-off versus Mark Parrish in Sabres zone.
3:11 of 1st period - Icing by Jaroslav Spacek.
3:12 of 1st period - Doug Weight wins face-off versus Todd White in Sabres zone.
4:31 of 1st period - Shot by Marian Gaborik.
4:31 of 1st period - Stopped by Martin Biron without a rebound.
4:32 of 1st period - Tim Connolly wins face-off versus Rod Brind'Amour in Sabres zone.
4:40 of 1st period - Rod Brind'Amour is hit by Rob Blake and loses puck.
5:00 of 1st period - Shot by Maxim Afinogenov.
5:00 of 1st period - Shot Misses the Net.
5:05 of 1st period - Shot by Rob Blake.
5:05 of 1st period - Stopped by Jason Bacashihua without a rebound.
5:06 of 1st period - Pavol Demitra wins face-off versus Derek Roy in Wild zone.
5:26 of 1st period - Minor Penalty to Marian Gaborik for Hooking.
5:27 of 1st period - Derek Roy wins face-off versus Pavol Demitra in Wild zone.
5:36 of 1st period - Shot by Doug Weight.
5:36 of 1st period - Shot Misses the Net.
5:41 of 1st period - Shot by Derek Roy.
5:41 of 1st period - Stopped by Jason Bacashihua with a rebound.
5:42 of 1st period - Shot by Derek Roy.
5:42 of 1st period - Shot Misses the Net.
5:43 of 1st period - Shot by Toni Lydman.
5:43 of 1st period - Shot Misses the Net.
5:46 of 1st period - Shot by Doug Weight.
5:46 of 1st period - Shot Blocked by Keith Carney.
5:47 of 1st period - Shot by Brian Campbell.
5:47 of 1st period - Stopped by Jason Bacashihua with a rebound.
5:50 of 1st period - Shot by Doug Weight.
5:50 of 1st period - Stopped by Jason Bacashihua without a rebound.
5:51 of 1st period - Daniel Briere wins face-off versus Pavol Demitra in Wild zone.
5:58 of 1st period - Shot by Nathan Horton.
5:58 of 1st period - Shot Misses the Net.
6:06 of 1st period - Icing by Rob Blake.
6:07 of 1st period - Daniel Briere wins face-off versus Pavol Demitra in Sabres zone.
6:18 of 1st period - Shot by Pavol Demitra.
6:18 of 1st period - Stopped by Martin Biron without a rebound.
6:19 of 1st period - Derek Roy wins face-off versus Brian Rolston in Sabres zone.
6:26 of 1st period - Shot by Doug Weight.
6:26 of 1st period - Stopped by Jason Bacashihua without a rebound.
6:27 of 1st period - Derek Roy wins face-off versus Brian Rolston in Wild zone.
6:30 of 1st period - Shot by Doug Weight.
6:30 of 1st period - Shot Misses the Net.
6:55 of 1st period - Shot by Derek Roy.
6:55 of 1st period - Shot Misses the Net.
8:06 of 1st period - Shot by Ales Kotalik.
8:06 of 1st period - Stopped by Jason Bacashihua with a rebound.
8:07 of 1st period - Shot by Danny Markov.
8:07 of 1st period - Shot Misses the Net.
8:15 of 1st period - Icing by Nick Schultz.
8:16 of 1st period - Todd White wins face-off versus Tim Connolly in Wild zone.
8:25 of 1st period - Shot by Maxim Afinogenov.
8:25 of 1st period - Shot Blocked by Nick Schultz.
8:28 of 1st period - Shot by Tim Connolly.
8:28 of 1st period - Shot Blocked by Nick Schultz.
8:31 of 1st period - Shot by Maxim Afinogenov.
8:31 of 1st period - Shot Misses the Net.
8:32 of 1st period - Shot by Rob Blake.
8:32 of 1st period - Stopped by Jason Bacashihua with a rebound.
10:44 of 1st period - Minor Penalty to Keith Carney for Hooking.
10:45 of 1st period - Daniel Briere wins face-off versus Pavol Demitra in Wild zone.
10:46 of 1st period - Shot by Nathan Horton.
10:46 of 1st period - Stopped by Jason Bacashihua without a rebound.
10:47 of 1st period - Daniel Briere wins face-off versus Pavol Demitra in Wild zone.
11:16 of 1st period - Shot by Daniel Briere.
11:16 of 1st period - Stopped by Jason Bacashihua without a rebound.
11:17 of 1st period - Marian Gaborik wins face-off versus Daniel Briere in Wild zone.
11:42 of 1st period - Shot by Daniel Briere.
11:42 of 1st period - Goal by Daniel Briere.
11:43 of 1st period - Wes Walz wins face-off versus Doug Weight in neutral zone.
11:46 of 1st period - Shot by Lubomir Visnovsky.
11:46 of 1st period - Stopped by Martin Biron without a rebound.
11:46 of 1st period - Minor Penalty to Jaroslav Spacek for Hooking.
11:47 of 1st period - Derek Roy wins face-off versus Kyle Calder in Sabres zone.
11:48 of 1st period - Pavol Demitra wins face-off versus Derek Roy in Sabres zone.
11:55 of 1st period - Shot by Marian Gaborik.
11:55 of 1st period - Shot Misses the Net.
11:56 of 1st period - Shot by Kim Johnsson.
11:56 of 1st period - Shot Blocked by Danny Markov.
11:57 of 1st period - Shot by Kim Johnsson.
11:57 of 1st period - Stopped by Martin Biron without a rebound.
11:58 of 1st period - Derek Roy wins face-off versus Rod Brind'Amour in Sabres zone.
12:09 of 1st period - Shot by Kyle Calder.
12:09 of 1st period - Shot Misses the Net.
12:34 of 1st period - Shot by Rod Brind'Amour.
12:34 of 1st period - Stopped by Martin Biron without a rebound.
12:35 of 1st period - Pavol Demitra wins face-off versus Tim Connolly in Sabres zone.
12:56 of 1st period - Shot by Brian Rolston.
12:56 of 1st period - Shot Blocked by Teppo Numminen.
12:57 of 1st period - Shot by Kim Johnsson.
12:57 of 1st period - Shot Blocked by Teppo Numminen.
13:04 of 1st period - Shot by Marian Gaborik.
13:04 of 1st period - Stopped by Martin Biron without a rebound.
13:05 of 1st period - Derek Roy wins face-off versus Rod Brind'Amour in Sabres zone.
13:11 of 1st period - Icing by Martin Skoula.
13:12 of 1st period - Rod Brind'Amour wins face-off versus Derek Roy in Wild zone.
14:08 of 1st period - Icing by Eric Brewer.
14:09 of 1st period - Todd White wins face-off versus Daniel Briere in Wild zone.
14:09 of 1st period - Major Penalty to Daniel Briere for Checking from behind.
14:10 of 1st period - Pavol Demitra wins face-off versus Tim Connolly in Wild zone.
14:27 of 1st period - Shot by Pavol Demitra.
14:27 of 1st period - Stopped by Martin Biron without a rebound.
14:28 of 1st period - Tim Connolly wins face-off versus Pavol Demitra in Sabres zone.
14:49 of 1st period - Shot by Derek Roy.
14:49 of 1st period - Stopped by Jason Bacashihua without a rebound.
14:50 of 1st period - Rod Brind'Amour wins face-off versus Tim Connolly in Wild zone.
15:26 of 1st period - Icing by Keith Carney.
15:27 of 1st period - Rod Brind'Amour wins face-off versus Derek Roy in Wild zone.
16:10 of 1st period - Shot by Pavol Demitra.
16:10 of 1st period - Shot Blocked by Derek Roy.
16:11 of 1st period - Shot by Lubomir Visnovsky.
16:11 of 1st period - Stopped by Martin Biron without a rebound.
16:12 of 1st period - Pavol Demitra wins face-off versus Tim Connolly in Sabres zone.
16:29 of 1st period - Shot by Marian Gaborik.
16:29 of 1st period - Shot Misses the Net.
16:34 of 1st period - Shot by Marian Gaborik.
16:34 of 1st period - Goal by Marian Gaborik.
16:35 of 1st period - Derek Roy wins face-off versus Kyle Calder in neutral zone.
19:21 of 1st period - Icing by Jaroslav Spacek.
19:22 of 1st period - Wes Walz wins face-off versus Doug Weight in Sabres zone.
19:54 of 1st period - Icing by Martin Skoula.
19:55 of 1st period - Daniel Briere wins face-off versus Wes Walz in Wild zone.
19:56 of 1st period - Shot by Chris Drury.
19:56 of 1st period - Stopped by Jason Bacashihua without a rebound.
19:57 of 1st period - Todd White wins face-off versus Daniel Briere in Wild zone.

Period #2

0:01 of 2nd period - Brian Rolston wins face-off versus Daniel Briere in neutral zone.
0:17 of 2nd period - Major Penalty to Kim Johnsson for Checking from behind.
0:18 of 2nd period - Derek Roy wins face-off versus Marian Gaborik in neutral zone.
0:31 of 2nd period - Shot by Doug Weight.
0:31 of 2nd period - Stopped by Jason Bacashihua without a rebound.
0:32 of 2nd period - Daniel Briere wins face-off versus Pavol Demitra in Wild zone.
2:32 of 2nd period - Off-side.
2:33 of 2nd period - Pavol Demitra wins face-off versus Daniel Briere in neutral zone.
2:57 of 2nd period - Icing by Rob Blake.
2:58 of 2nd period - Daniel Briere wins face-off versus Marian Gaborik in Sabres zone.
3:06 of 2nd period - Icing by Daniel Briere.
3:07 of 2nd period - Daniel Briere wins face-off versus Marian Gaborik in Sabres zone.
3:16 of 2nd period - Shot by Daniel Briere.
3:16 of 2nd period - Stopped by Jason Bacashihua without a rebound.
3:17 of 2nd period - Pavol Demitra wins face-off versus Derek Roy in Wild zone.
5:24 of 2nd period - Shot by Jochen Hecht.
5:24 of 2nd period - Shot Hit the Post.
5:25 of 2nd period - Shot by Jaroslav Spacek.
5:25 of 2nd period - Shot Misses the Net.
5:26 of 2nd period - Shot by Jaroslav Spacek.
5:26 of 2nd period - Stopped by Jason Bacashihua with a rebound.
5:43 of 2nd period - Shot by Ales Kotalik.
5:43 of 2nd period - Shot Misses the Net.
5:44 of 2nd period - Shot by Danny Markov.
5:44 of 2nd period - Stopped by Jason Bacashihua without a rebound.
5:45 of 2nd period - Wes Walz wins face-off versus Tim Connolly in Wild zone.
6:01 of 2nd period - Mikael Samuelsson is hit by Teppo Numminen and loses puck.
6:08 of 2nd period - Thomas Vanek is hit by Tim Gleason and loses puck.
6:25 of 2nd period - Wes Walz is hit by Danny Markov and loses puck.
6:49 of 2nd period - Shot by Mark Parrish.
6:49 of 2nd period - Stopped by Martin Biron without a rebound.
6:50 of 2nd period - Todd White wins face-off versus Nathan Horton in Sabres zone.
6:55 of 2nd period - Shot by Pierre-Marc Bouchard.
6:55 of 2nd period - Stopped by Martin Biron without a rebound.
6:56 of 2nd period - Daniel Briere wins face-off versus Todd White in Sabres zone.
8:19 of 2nd period - Shot by Mark Parrish.
8:19 of 2nd period - Shot Misses the Net.
8:38 of 2nd period - Shot by Rod Brind'Amour.
8:38 of 2nd period - Goal by Rod Brind'Amour.
8:39 of 2nd period - Tim Connolly wins face-off versus Pavol Demitra in neutral zone.
8:45 of 2nd period - Maxim Afinogenov is hit by Marian Gaborik and loses puck.
9:07 of 2nd period - Shot by Maxim Afinogenov.
9:07 of 2nd period - Stopped by Jason Bacashihua with a rebound.
9:08 of 2nd period - Shot by Tim Connolly.
9:08 of 2nd period - Shot Misses the Net.
9:09 of 2nd period - Shot by Tim Connolly.
9:09 of 2nd period - Stopped by Jason Bacashihua with a rebound.
9:46 of 2nd period - Shot by Derek Roy.
9:46 of 2nd period - Shot Misses the Net.
9:47 of 2nd period - Shot by Brian Campbell.
9:47 of 2nd period - Stopped by Jason Bacashihua without a rebound.
9:48 of 2nd period - Todd White wins face-off versus Doug Weight in Wild zone.
9:50 of 2nd period - Icing by Pierre-Marc Bouchard.
9:51 of 2nd period - Doug Weight wins face-off versus Todd White in Wild zone.
9:54 of 2nd period - Shot by Ales Kotalik.
9:54 of 2nd period - Shot Misses the Net.
10:51 of 2nd period - Shot by Kyle Calder.
10:51 of 2nd period - Stopped by Martin Biron without a rebound.
10:52 of 2nd period - Rod Brind'Amour wins face-off versus Daniel Briere in Sabres zone.
11:00 of 2nd period - Rod Brind'Amour is hit by Rob Blake and loses puck.
11:07 of 2nd period - Double Minor Penalty to Rod Brind'Amour for Slashing.
11:08 of 2nd period - Daniel Briere wins face-off versus Pavol Demitra in Wild zone.
12:23 of 2nd period - Shot by Derek Roy.
12:23 of 2nd period - Shot Misses the Net.
12:35 of 2nd period - Off-side.
12:36 of 2nd period - Daniel Briere wins face-off versus Pavol Demitra in neutral zone.
12:53 of 2nd period - Shot by Nathan Horton.
12:53 of 2nd period - Shot Blocked by Keith Carney.
12:54 of 2nd period - Shot by Daniel Briere.
12:54 of 2nd period - Shot Blocked by Martin Skoula.
13:30 of 2nd period - Off-side.
13:31 of 2nd period - Derek Roy wins face-off versus Pavol Demitra in neutral zone.
14:32 of 2nd period - Shot by Daniel Briere.
14:32 of 2nd period - Stopped by Jason Bacashihua without a rebound.
14:33 of 2nd period - Pavol Demitra wins face-off versus Daniel Briere in Wild zone.
14:50 of 2nd period - Shot by Daniel Briere.
14:50 of 2nd period - Shot Blocked by Lubomir Visnovsky.
15:01 of 2nd period - Shot by Daniel Briere.
15:01 of 2nd period - Stopped by Jason Bacashihua without a rebound.
15:02 of 2nd period - Marian Gaborik wins face-off versus Derek Roy in Wild zone.
15:43 of 2nd period - Shot by Ales Kotalik.
15:43 of 2nd period - Stopped by Jason Bacashihua without a rebound.
15:44 of 2nd period - Tim Connolly wins face-off versus Wes Walz in Wild zone.
16:03 of 2nd period - Shot by Maxim Afinogenov.
16:03 of 2nd period - Shot Misses the Net.
16:06 of 2nd period - Shot by Tim Connolly.
16:06 of 2nd period - Shot Misses the Net.
16:07 of 2nd period - Shot by Rob Blake.
16:07 of 2nd period - Shot Misses the Net.
16:10 of 2nd period - Shot by Rob Blake.
16:10 of 2nd period - Stopped by Jason Bacashihua with a rebound.
16:11 of 2nd period - Shot by Tim Connolly.
16:11 of 2nd period - Shot Misses the Net.
16:14 of 2nd period - Shot by Tim Connolly.
16:14 of 2nd period - Shot Misses the Net.
16:15 of 2nd period - Shot by Rob Blake.
16:15 of 2nd period - Goal by Rob Blake.
16:16 of 2nd period - Derek Roy wins face-off versus Rod Brind'Amour in neutral zone.
16:18 of 2nd period - Brian Campbell is hit by Mark Parrish and loses puck.
16:48 of 2nd period - Shot by Mark Parrish.
16:48 of 2nd period - Shot Misses the Net.
16:49 of 2nd period - Shot by Keith Carney.
16:49 of 2nd period - Shot Blocked by Toni Lydman.
16:50 of 2nd period - Shot by Martin Skoula.
16:50 of 2nd period - Shot Blocked by Brian Campbell.
16:53 of 2nd period - Shot by Kyle Calder.
16:53 of 2nd period - Shot Blocked by Brian Campbell.
16:56 of 2nd period - Shot by Mark Parrish.
16:56 of 2nd period - Stopped by Martin Biron without a rebound.
16:57 of 2nd period - Todd White wins face-off versus Ales Kotalik in Sabres zone.
17:05 of 2nd period - Alexandre Daigle is hit by Doug Weight and loses puck.
17:07 of 2nd period - Shot by Pierre-Marc Bouchard.
17:07 of 2nd period - Shot Misses the Net.
17:10 of 2nd period - Shot by Pierre-Marc Bouchard.
17:10 of 2nd period - Shot Misses the Net.
17:50 of 2nd period - Icing by Eric Brewer.
17:51 of 2nd period - Todd White wins face-off versus Daniel Briere in Wild zone.
17:53 of 2nd period - Icing by Pierre-Marc Bouchard.
17:54 of 2nd period - Todd White wins face-off versus Derek Roy in Wild zone.
18:08 of 2nd period - Brian Campbell is hit by Kim Johnsson and loses puck.
18:19 of 2nd period - Minor Penalty to Kim Johnsson for Charging.
18:20 of 2nd period - Daniel Briere wins face-off versus Marian Gaborik in Sabres zone.
18:29 of 2nd period - Shot by Daniel Briere.
18:29 of 2nd period - Stopped by Jason Bacashihua without a rebound.
18:30 of 2nd period - Daniel Briere wins face-off versus Pavol Demitra in Wild zone.

Period #3

0:01 of 3rd period - Daniel Briere wins face-off versus Pavol Demitra in neutral zone.
0:21 of 3rd period - Doug Weight is hit by Eric Brewer and loses puck.
0:43 of 3rd period - Shot by Alexandre Daigle.
0:43 of 3rd period - Stopped by Martin Biron with a rebound.
0:46 of 3rd period - Shot by Todd White.
0:46 of 3rd period - Stopped by Martin Biron without a rebound.
0:47 of 3rd period - Rod Brind'Amour wins face-off versus Derek Roy in Sabres zone.
1:06 of 3rd period - Shot by Rod Brind'Amour.
1:06 of 3rd period - Stopped by Martin Biron with a rebound.
2:11 of 3rd period - Shot by Wes Walz.
2:11 of 3rd period - Shot Blocked by Rob Blake.
2:14 of 3rd period - Shot by Brian Rolston.
2:14 of 3rd period - Stopped by Martin Biron without a rebound.
2:15 of 3rd period - Doug Weight wins face-off versus Todd White in Sabres zone.
2:19 of 3rd period - Doug Weight is hit by Todd White and loses puck.
2:23 of 3rd period - Shot by Ales Kotalik.
2:23 of 3rd period - Stopped by Jason Bacashihua without a rebound.
2:24 of 3rd period - Doug Weight wins face-off versus Todd White in Wild zone.
2:43 of 3rd period - Shot by Alexandre Daigle.
2:43 of 3rd period - Stopped by Martin Biron without a rebound.
2:44 of 3rd period - Pavol Demitra wins face-off versus Daniel Briere in Sabres zone.
3:13 of 3rd period - Shot by Pavol Demitra.
3:13 of 3rd period - Shot Blocked by Toni Lydman.
3:16 of 3rd period - Shot by Marian Gaborik.
3:16 of 3rd period - Stopped by Martin Biron with a rebound.
3:17 of 3rd period - Shot by Lubomir Visnovsky.
3:17 of 3rd period - Shot Misses the Net.
3:18 of 3rd period - Shot by Kim Johnsson.
3:18 of 3rd period - Shot Blocked by Toni Lydman.
3:19 of 3rd period - Shot by Marian Gaborik.
3:19 of 3rd period - Shot Misses the Net.
3:20 of 3rd period - Shot by Lubomir Visnovsky.
3:20 of 3rd period - Shot Blocked by Chris Drury.
3:25 of 3rd period - Shot by Marian Gaborik.
3:25 of 3rd period - Stopped by Martin Biron without a rebound.
3:26 of 3rd period - Derek Roy wins face-off versus Rod Brind'Amour in Sabres zone.
3:28 of 3rd period - Icing by Teppo Numminen.
3:29 of 3rd period - Rod Brind'Amour wins face-off versus Derek Roy in Sabres zone.
3:34 of 3rd period - Shot by Rod Brind'Amour.
3:34 of 3rd period - Shot Misses the Net.
3:55 of 3rd period - Shot by Jason Pominville.
3:55 of 3rd period - Shot Misses the Net.
4:08 of 3rd period - Shot by Rod Brind'Amour.
4:08 of 3rd period - Shot Misses the Net.
4:50 of 3rd period - Alexandre Daigle is hit by Danny Markov and loses puck.
5:00 of 3rd period - Shot by Pierre-Marc Bouchard.
5:00 of 3rd period - Stopped by Martin Biron with a rebound.
5:04 of 3rd period - Pierre-Marc Bouchard is hit by Jaroslav Spacek and loses puck.
5:05 of 3rd period - Minor Penalty to Tim Connolly for Cross-checking.
5:06 of 3rd period - Pavol Demitra wins face-off versus Daniel Briere in Sabres zone.
5:29 of 3rd period - Shot by Marian Gaborik.
5:29 of 3rd period - Shot Hit the Post.
5:32 of 3rd period - Shot by Marian Gaborik.
5:32 of 3rd period - Shot Misses the Net.
5:37 of 3rd period - Shot by Marian Gaborik.
5:37 of 3rd period - Shot Misses the Net.
5:40 of 3rd period - Shot by Marian Gaborik.
5:40 of 3rd period - Stopped by Martin Biron without a rebound.
5:41 of 3rd period - Rod Brind'Amour wins face-off versus Derek Roy in Sabres zone.
5:52 of 3rd period - Shot by Kyle Calder.
5:52 of 3rd period - Stopped by Martin Biron with a rebound.
5:55 of 3rd period - Shot by Rod Brind'Amour.
5:55 of 3rd period - Stopped by Martin Biron with a rebound.
5:56 of 3rd period - Shot by Keith Carney.
5:56 of 3rd period - Shot Misses the Net.
5:59 of 3rd period - Shot by Kyle Calder.
5:59 of 3rd period - Shot Misses the Net.
6:00 of 3rd period - Shot by Keith Carney.
6:00 of 3rd period - Shot Misses the Net.
6:05 of 3rd period - Shot by Kyle Calder.
6:05 of 3rd period - Stopped by Martin Biron without a rebound.
6:06 of 3rd period - Pavol Demitra wins face-off versus Daniel Briere in Sabres zone.
6:54 of 3rd period - Icing by Keith Carney.
6:55 of 3rd period - Derek Roy wins face-off versus Rod Brind'Amour in Wild zone.
7:05 of 3rd period - Mark Parrish is hit by Doug Weight and loses puck.
7:08 of 3rd period - Icing by Danny Markov.
7:09 of 3rd period - Todd White wins face-off versus Doug Weight in Sabres zone.
7:22 of 3rd period - Shot by Pierre-Marc Bouchard.
7:22 of 3rd period - Stopped by Martin Biron without a rebound.
7:23 of 3rd period - Derek Roy wins face-off versus Wes Walz in Sabres zone.
7:41 of 3rd period - Icing by Lubomir Visnovsky.
7:42 of 3rd period - Jochen Hecht wins face-off versus Wes Walz in Wild zone.
7:55 of 3rd period - Shot by Mikael Samuelsson.
7:55 of 3rd period - Stopped by Martin Biron without a rebound.
7:56 of 3rd period - Rod Brind'Amour wins face-off versus Daniel Briere in Sabres zone.
8:23 of 3rd period - Shot by Kyle Calder.
8:23 of 3rd period - Shot Misses the Net.
8:24 of 3rd period - Shot by Martin Skoula.
8:24 of 3rd period - Shot Misses the Net.
8:25 of 3rd period - Shot by Keith Carney.
8:25 of 3rd period - Shot Misses the Net.
8:26 of 3rd period - Shot by Martin Skoula.
8:26 of 3rd period - Shot Misses the Net.
8:29 of 3rd period - Shot by Kyle Calder.
8:29 of 3rd period - Stopped by Martin Biron with a rebound.
8:32 of 3rd period - Shot by Rod Brind'Amour.
8:32 of 3rd period - Stopped by Martin Biron with a rebound.
8:33 of 3rd period - Shot by Martin Skoula.
8:33 of 3rd period - Stopped by Martin Biron without a rebound.
8:34 of 3rd period - Todd White wins face-off versus Doug Weight in Sabres zone.
8:45 of 3rd period - Shot by Ales Kotalik.
8:45 of 3rd period - Goal by Ales Kotalik.
8:46 of 3rd period - Pavol Demitra wins face-off versus Derek Roy in neutral zone.
9:25 of 3rd period - Shot by Derek Roy.
9:25 of 3rd period - Shot Blocked by Kim Johnsson.
9:26 of 3rd period - Shot by Teppo Numminen.
9:26 of 3rd period - Stopped by Jason Bacashihua without a rebound.
9:27 of 3rd period - Daniel Briere wins face-off versus Kyle Calder in Wild zone.
9:31 of 3rd period - Icing by Keith Carney.
9:32 of 3rd period - Doug Weight wins face-off versus Rod Brind'Amour in Wild zone.
9:43 of 3rd period - Shot by Ales Kotalik.
9:43 of 3rd period - Shot Misses the Net.
9:46 of 3rd period - Shot by Ales Kotalik.
9:46 of 3rd period - Stopped by Jason Bacashihua with a rebound.
9:48 of 3rd period - Minor Penalty to Keith Carney for Delaying the game.
9:49 of 3rd period - Daniel Briere wins face-off versus Marian Gaborik in Wild zone.
10:13 of 3rd period - Icing by Chris Drury.
10:14 of 3rd period - Daniel Briere wins face-off versus Pavol Demitra in Sabres zone.
10:23 of 3rd period - Shot by Daniel Briere.
10:23 of 3rd period - Shot Blocked by Pavol Demitra.
12:02 of 3rd period - Shot by Pierre-Marc Bouchard.
12:02 of 3rd period - Stopped by Martin Biron without a rebound.
12:03 of 3rd period - Wes Walz wins face-off versus Tim Connolly in Sabres zone.
12:36 of 3rd period - Shot by Maxim Afinogenov.
12:36 of 3rd period - Stopped by Jason Bacashihua with a rebound.
12:39 of 3rd period - Shot by Maxim Afinogenov.
12:39 of 3rd period - Stopped by Jason Bacashihua without a rebound.
12:40 of 3rd period - Todd White wins face-off versus Doug Weight in Wild zone.
12:51 of 3rd period - Shot by Alexandre Daigle.
12:51 of 3rd period - Stopped by Martin Biron without a rebound.
12:52 of 3rd period - Daniel Briere wins face-off versus Rod Brind'Amour in Sabres zone.
13:17 of 3rd period - Shot by Daniel Briere.
13:17 of 3rd period - Shot Misses the Net.
13:18 of 3rd period - Shot by Rob Blake.
13:18 of 3rd period - Shot Blocked by Kyle Calder.
13:21 of 3rd period - Shot by Nathan Horton.
13:21 of 3rd period - Stopped by Jason Bacashihua without a rebound.
13:22 of 3rd period - Doug Weight wins face-off versus Todd White in Wild zone.
13:25 of 3rd period - Shot by Ales Kotalik.
13:25 of 3rd period - Stopped by Jason Bacashihua with a rebound.
13:26 of 3rd period - Shot by Danny Markov.
13:26 of 3rd period - Stopped by Jason Bacashihua without a rebound.
13:27 of 3rd period - Doug Weight wins face-off versus Todd White in Wild zone.
13:32 of 3rd period - Shot by Jochen Hecht.
13:32 of 3rd period - Shot Blocked by Todd White.
13:35 of 3rd period - Shot by Doug Weight.
13:35 of 3rd period - Shot Misses the Net.
13:40 of 3rd period - Shot by Jochen Hecht.
13:40 of 3rd period - Shot Misses the Net.
13:43 of 3rd period - Shot by Ales Kotalik.
13:43 of 3rd period - Stopped by Jason Bacashihua without a rebound.
13:44 of 3rd period - Pavol Demitra wins face-off versus Derek Roy in Wild zone.
15:43 of 3rd period - Shot by Rod Brind'Amour.
15:43 of 3rd period - Stopped by Martin Biron without a rebound.
15:44 of 3rd period - Daniel Briere wins face-off versus Wes Walz in Sabres zone.
16:09 of 3rd period - Shot by Brian Rolston.
16:09 of 3rd period - Shot Blocked by Toni Lydman.
16:18 of 3rd period - Shot by Mikael Samuelsson.
16:18 of 3rd period - Shot Blocked by Nathan Horton.
16:23 of 3rd period - Shot by Mikael Samuelsson.
16:23 of 3rd period - Shot Misses the Net.
16:27 of 3rd period - Off-side.
16:28 of 3rd period - Derek Roy wins face-off versus Rod Brind'Amour in neutral zone.
16:36 of 3rd period - Rod Brind'Amour is hit by Derek Roy and loses puck.
16:51 of 3rd period - Mark Parrish is hit by Paul Gaustad and loses puck.
17:16 of 3rd period - Rod Brind'Amour is hit by Teppo Numminen and loses puck.
17:56 of 3rd period - Shot by Alexandre Daigle.
17:56 of 3rd period - Stopped by Martin Biron without a rebound.
17:57 of 3rd period - Pavol Demitra wins face-off versus Daniel Briere in Sabres zone.
18:03 of 3rd period - Brian Rolston is hit by Toni Lydman and loses puck.
18:08 of 3rd period - Minor Penalty to Rob Blake for Diving.
18:09 of 3rd period - Tim Connolly wins face-off versus Pavol Demitra in Sabres zone.
18:46 of 3rd period - Shot by Marian Gaborik.
18:46 of 3rd period - Stopped by Martin Biron with a rebound.
19:21 of 3rd period - Shot by Kyle Calder.
19:21 of 3rd period - Stopped by Martin Biron with a rebound.
19:41 of 3rd period - Icing by Mark Parrish.
19:42 of 3rd period - Rod Brind'Amour wins face-off versus Tim Connolly in Wild zone.

Overtime #1

0:01 of 1st overtime period - Pavol Demitra wins face-off versus Tim Connolly in neutral zone.
0:28 of 1st overtime period - Shot by Pavol Demitra.
0:28 of 1st overtime period - Stopped by Martin Biron without a rebound.
0:29 of 1st overtime period - Derek Roy wins face-off versus Marian Gaborik in Sabres zone.
0:31 of 1st overtime period - Icing by Brian Campbell.
0:32 of 1st overtime period - Derek Roy wins face-off versus Marian Gaborik in Sabres zone.
1:15 of 1st overtime period - Shot by Marian Gaborik.
1:15 of 1st overtime period - Shot Blocked by Brian Campbell.
1:16 of 1st overtime period - Shot by Rod Brind'Amour.
1:16 of 1st overtime period - Shot Misses the Net.
1:17 of 1st overtime period - Shot by Martin Skoula.
1:17 of 1st overtime period - Stopped by Martin Biron without a rebound.
1:18 of 1st overtime period - Daniel Briere wins face-off versus Pavol Demitra in Sabres zone.
2:54 of 1st overtime period - Icing by Kim Johnsson.
2:55 of 1st overtime period - Pavol Demitra wins face-off versus Daniel Briere in Wild zone.
3:52 of 1st overtime period - Shot by Jason Pominville.
3:52 of 1st overtime period - Shot Misses the Net.
3:54 of 1st overtime period - Icing by Keith Carney.
3:55 of 1st overtime period - Daniel Briere wins face-off versus Marian Gaborik in Wild zone.
3:56 of 1st overtime period - Shot by Chris Drury.
3:56 of 1st overtime period - Shot Misses the Net.
4:49 of 1st overtime period - Shot by Derek Roy.
4:49 of 1st overtime period - Stopped by Jason Bacashihua without a rebound.
4:50 of 1st overtime period - Pavol Demitra wins face-off versus Derek Roy in Wild zone.

ShootOut

ShootOut - Penalty Shot by Daniel Briere for Sabres.
ShootOut - Goal by Daniel Briere.
ShootOut - Penalty Shot by Pavol Demitra for Wild.
ShootOut - Goal by Pavol Demitra.
ShootOut - Penalty Shot by Derek Roy for Sabres.
ShootOut - Stopped by Jason Bacashihua.
ShootOut - Penalty Shot by Brian Rolston for Wild.
ShootOut - Stopped by Martin Biron.
ShootOut - Penalty Shot by Nathan Horton for Sabres.
ShootOut - Goal by Nathan Horton.
ShootOut - Penalty Shot by Marian Gaborik for Wild.
ShootOut - Goal by Marian Gaborik.
ShootOut - Penalty Shot by Doug Weight for Sabres.
ShootOut - Stopped by Jason Bacashihua.
ShootOut - Penalty Shot by Rod Brind'Amour for Wild.
ShootOut - Goal by Rod Brind'Amour.


Output by the STHS for Stephane Roy -- Original Page W3C XHTML 1.0 Valid